 Dungeon Crawl Stone Soup version 0.23.2-40-g277498a001 (webtiles) character file.

Game seed: 7210285562679492354

37 Descartes the Covered (level 3, -3/23 HPs)
             Began as a Tengu Fighter on Aug 30, 2019.
             Slain by an adder (4 damage)
             ... on level 1 of the Dungeon.
             The game lasted 00:02:33 (836 turns).

Descartes the Covered (Tengu Fighter)                Turns: 836, Time: 00:02:33

Health: -3/23      AC:  6    Str: 16    XL:     3   Next: 39%
Magic:  4/4        EV:  7    Int:  9    God:
Gold:   31         SH:  9    Dex: 13    Spells: 3/3 levels left

rFire    . . .     SeeInvis .   a - +0 long sword
rCold    . . .     Gourm    .   c - +0 shield
rNeg     . . .     Faith    .   b - +0 scale mail
rPois    .         Spirit   .   (helmet restricted)
rElec    .         Reflect  .   (no cloak)
rCorr    .         Harm     .   (no gloves)
MR       .....                  (boots unavailable)
Stlth    ..........             (no amulet)
HPRegen  0.07/turn              (no ring)
MPRegen  0.09/turn              (no ring)

@: lethally poisoned (-3 -> -8)
A: beak, talons 3
a: no special abilities


You were on level 1 of the Dungeon.
You were not hungry.

You visited 1 branch of the dungeon, and saw 2 of its levels.

You collected 31 gold pieces.

Inventory:

Hand Weapons
 a - a +0 long sword (weapon)
Missiles
 g - 17 sling bullets
 m - 25 stones (quivered)
Armour
 b - a +0 scale mail (worn)
 c - a +0 shield (worn)
Scrolls
 h - a scroll of teleportation {unknown}
 j - a scroll of amnesia {unknown}
 l - a scroll of noise {unknown}
Potions
 d - a potion of might
 e - a potion of curing {unknown}
 i - a potion of degeneration {unknown}
 k - a potion of brilliance {unknown}
Comestibles
 f - a ration


   Skills:
 + Level 3.2 Fighting
 + Level 2.6 Long Blades
 + Level 3.5 Armour
 + Level 1.0 Dodging
 + Level 0.9 Stealth
 + Level 3.1 Shields
 + Level 0.5 Spellcasting


You had 3 spell levels left.
You didn't know any spells.
Your spell library was empty.

Dungeon Overview and Level Annotations

Branches:
Dungeon (2/15)

Altars:


Innate Abilities, Weirdness & Mutations

You have a beak for a mouth.
You have claws for feet.


Message History

The adder bites you but does no damage.
* * * LOW HITPOINT WARNING * * *
You feel sick. You block the adder's attack.
The adder bites you but does no damage.
You climb upwards.
There is a stone staircase leading down here.
* * * LOW HITPOINT WARNING * * *
You feel sick. The adder closely misses you. The adder bites you.
* * * LOW HITPOINT WARNING * * *
You block the worm's attack. You block the adder's attack.
* * * LOW HITPOINT WARNING * * *
You feel sick. The adder bites you but does no damage.
* * * LOW HITPOINT WARNING * * *
You feel sick. The adder bites you but does no damage.
The adder bites you but does no damage.
* * * LOW HITPOINT WARNING * * *
You feel sick. The adder bites you.
You die...

........#.......#....# #.....
......###.......###### #.....
......# #......># #..... ......#
#.....#.# #########.....
......###....w#.# ##.......##.###
..........)...#.# #........##.###
...........)..#.# #........#.....
..............#.###.....†..##.##.
#####.........SS@...##'######.##.
#....#.##.#.######.# ####.
#..................# #.
#.####.####.######.# #.
#..÷........#.# #.# #.
######.######.# ### #. #........#
#. ########.# #.
#.##############.


You could see 2 adders.

Vanquished Creatures
  5 bats (D:1)
  3 giant cockroaches
  A goblin (D:1)
  11 jackals (D:1)
  A ball python (D:1)
  A frilled lizard (D:1)
  5 kobolds (D:1)
  6 rats (D:1)
33 creatures vanquished.

Notes
Turn   | Place    | Note
-------+----------+-------------------------------------------
     0 | D:1      | Descartes the Tengu Fighter began the quest for the Orb.
     0 | D:1      | Reached XP level 1. HP: 14/14 MP: 2/2
     0 | D:1      | Noticed a minotaur skeleton
    11 | D:1      | Noticed a minotaur skeleton
    17 | D:1      | Noticed a minotaur skeleton
    21 | D:1      | Noticed a minotaur skeleton
   167 | D:1      | Reached XP level 2. HP: 19/19 MP: 3/3
   311 | D:1      | Reached XP level 3. HP: 22/23 MP: 4/4
   313 | D:1      | Reached skill level 1 in Dodging
   834 | D:1      | HP: 1/23 [poisoned by an adder]
   836 | D:1      | Slain by an adder

Skill      XL: |  1  2  3 |
---------------+----------+-----
Dodging        | 1 |  1.0
Fighting       | |  3.2
Long Blades    | |  2.6
Armour         | |  3.5
Stealth        | |  0.9
Shields        | |  3.1
Spellcasting   | |  0.5

Action                   || total
-------------------------++-------
Melee: Long sword        ||    70
       Kick              ||    16
       Peck              ||     6
Armor: Scale mail        ||    49
Dodge: Dodged            ||    41
Block: Shield            ||    56
       Rpst.: Long sword ||    13
